 Dungeon Crawl Stone Soup version 0.19-a0-376-gf780d9b (webtiles) character file.

42 kae the Slasher (level 3, -4/31 HPs)
             Began as a Minotaur Fighter on May 30, 2016.
             Slain by Sigmund
             ... wielding a +1 scythe of protection
              (9 damage)
             ... on level 2 of the Dungeon.
             The game lasted 00:00:28 (740 turns).

kae the Slasher (Minotaur Fighter)                   Turns: 740, Time: 00:00:28

Health: -4/31      AC:  8    Str: 20    XL:     3   Next: 33%
Magic:  2/2        EV:  7    Int:  6    God:
Gold:   21         SH:  9    Dex:  9    Spells: 0 memorised, 2 levels left

rFire  . . .     SeeInvis .     a - +0 long sword
rCold  . . .     Gourm    .     b - +0 scale mail
rNeg   . . .     Faith    .     c - +0 shield
rPois  .         Spirit   .     (helmet restricted)
rElec  .         Dismiss  .     (no cloak)
rCorr  .         Reflect  .     h - +0 pair of gloves (curse)
SustAt .         Harm     .     (no boots)
MR     .....                    (no amulet)
Stlth  ..........               (no ring)
                                (no ring)

@: not resistant to hostile enchantments, extremely unstealthy
A: retaliatory headbutt, horns 2
a: no special abilities


You were on level 2 of the Dungeon.
You were not hungry.

You visited 1 branch of the dungeon, and saw 2 of its levels.

You collected 21 gold pieces.

Inventory:

Hand Weapons
 a - a +0 long sword (weapon)
Armour
 b - a +0 scale mail (worn)
 c - a +0 shield (worn)
 h - a cursed +0 pair of gloves (worn)
Jewellery
 l - an uncursed amulet of the gourmand {unknown}
Scrolls
 e - a scroll of enchant weapon {unknown}
 j - 2 scrolls of identify {unknown}
 k - a scroll of random uselessness {unknown}
Potions
 d - a potion of might
Comestibles
 f - a bread ration
 g - 4 fruits
 i - a slice of pizza


   Skills:
 - Level 3.6 Fighting
 + Level 4.6 Long Blades
 - Level 3.6 Armour
 - Level 3.6 Shields


You had 2 spell levels left.
You didn't know any spells.

Dungeon Overview and Level Annotations

Branches:
Dungeon (2/15)

Altars:
Cheibriados

Annotations:
D:2 Sigmund


Innate Abilities, Weirdness & Mutations

You reflexively headbutt those who attack you in melee.
You have a pair of horns on your head.


Message History

You block the bat's attack.
Sigmund casts a spell.
Sigmund flickers and vanishes!
Deactivating autopickup; reactivate with Ctrl-A.
A bat is nearby!
The bat hits you but does no damage. Something hits you.
You block the bat's attack. Something hits you.
* * * LOW HITPOINT WARNING * * *
You are too injured to fight recklessly!
You are too injured to fight recklessly!
You are too injured to fight recklessly!
You are too injured to fight recklessly!
You are too injured to fight recklessly!
You are too injured to fight recklessly!
You block the bat's attack.
You hit something but do no damage. You block the bat's attack.
Something hits you.
* * * LOW HITPOINT WARNING * * *
You miss something. Something hits you!
You die...

####+#### .... #.......#
#. #.......# #.
#.......# +. #.......#
#. #.......# #.
#.......# #. # #.b.....#
#. #...#.@.....# ######.
.......{..)..# #....#.
......###.########......
...... #........)......
##### ##########......
#...... #....#. #....##
#....#


You could see a bat.

Vanquished Creatures
  An adder (D:2)
  An ooze (D:1)
  A worm (D:1)
  A dart slug (D:1)
  A giant gecko (D:1)
  2 giant cockroaches (D:1)
  3 goblins
  A quokka (D:2)
  A ball python (D:1)
  A bat (D:1)
  6 kobolds
  4 rats
23 creatures vanquished.

Notes
Turn   | Place    | Note
--------------------------------------------------------------
     0 | D:1      | kae the Minotaur Fighter began the quest for the Orb.
     0 | D:1      | Reached XP level 1. HP: 19/19 MP: 0/0
    62 | D:1      | Reached skill level 3 in Long Blades
    69 | D:1      | Reached XP level 2. HP: 26/26 MP: 1/1
   287 | D:1      | Reached skill level 4 in Long Blades
   566 | D:2      | Found a snail-covered altar of Cheibriados.
   673 | D:2      | Reached XP level 3. HP: 31/31 MP: 2/2
   727 | D:2      | Noticed Sigmund
   740 | D:2      | Slain by Sigmund

Vault maps used:
D:1:      evilmike_arrival_run_for_it
D:2:      cheibriados_altar_1, uniq_sigmund

Skill      XL: |  1  2 |
---------------+-------+-----
Long Blades    | 3 4 |  4.6
Fighting       | |  3.6
Armour         | |  3.6
Shields        | |  3.6

Action                   || total
-------------------------++-------
Melee: Long sword        ||    53
       Headbutt          ||     6
Armor: Scale mail        ||    21
Dodge: Dodged            ||    12
Block: Shield            ||    26
